 Dungeon Crawl Stone Soup version 0.17.1-3-g152610e (webtiles) character file.

1917 sveltemanboy the Cleaver (level 9, -3/71 HPs)
             Began as a Hill Orc Gladiator on Apr 28, 2016.
             Slain by a hill giant
             ... wielding a +0 giant club
              (6 damage)
             ... on level 7 of the Dungeon.
             The game lasted 00:13:46 (4929 turns).

sveltemanboy the Cleaver (Hill Orc Gladiator)       Turns: 4929, Time: 00:13:46

Health: -3/71      AC: 11    Str: 21    XL:     9   Next: 16%
Magic:  8/8        EV: 12    Int:  8    God:
Gold:   180        SH:  0    Dex: 11    Spells: 0 memorised, 8 levels left

rFire  . . .     SeeInvis .     a - +1 war axe
rCold  + . .     Clarity  +     x - +0 chain mail
rNeg   . . .     SustAt   .     (no shield)
rPois  .         Gourm    .     j - +2 helmet
rElec  .         Spirit   .     (no cloak)
rCorr  .         Warding  .     (no gloves)
rMut   .         Stasis   .     (no boots)
MR     .....                    m - amulet of clarity
Stlth  ..........               (no ring)
                                c - +3 ring of evasion

@: not resistant to hostile enchantments, extremely unstealthy
A: thin metallic scales 1, clarity, cold resistance 1, deformed body, low mp 1,
spit poison 1
a: Spit Poison


You were on level 7 of the Dungeon.
You were hungry.

You visited 1 branch of the dungeon, and saw 7 of its levels.

You collected 180 gold pieces.

Inventory:

Hand Weapons
 a - a +1 war axe (weapon)
Missiles
 d - a javelin (quivered)
Armour
 j - a +2 helmet (worn)
 x - a +0 chain mail (worn)
Jewellery
 c - a +3 ring of evasion (left hand)
 m - an amulet of clarity (around neck)
Wands
 g - a wand of slowing (12)
 s - a wand of polymorph (9)
Scrolls
 b - a scroll of magic mapping
 f - a scroll of fog
 k - a scroll of random uselessness {unknown}
 p - a scroll of teleportation
 t - 3 scrolls of remove curse
 v - a scroll of fear
Potions
 i - 2 potions of flight
 l - a potion of curing
 o - a potion of berserk rage
 z - a potion of invisibility
 A - a potion of brilliance
Books
 u - a book of Minor Magic

   Spells                             Type                      Level
   a - Magic Dart                     Conjuration                  1
   b - Blink                          Translocation                2
   c - Call Imp                       Summoning                    2
   d - Repel Missiles                 Charms/Air                   2
   e - Slow                           Hexes                        2
   f - Conjure Flame                  Conjuration/Fire             3
   g - Mephitic Cloud                 Conjuration/Poison/Air       3
Comestibles
 e - 6 bread rations
 h - a beef jerky
 n - 2 fruits
 q - 2 chunks of flesh
 r - 2 meat rations


   Skills:
 - Level 4.1 Fighting
 * Level 11.4 Axes
 - Level 1.7 Throwing
 + Level 6.6 Armour
 + Level 4.3 Dodging


You had 8 spell levels left.
You didn't know any spells.

Dungeon Overview and Level Annotations

Branches:
Dungeon (7/15)             Temple (0/1) D:4

Altars:
Dithmenos
Makhleb
Nemelex Xobeh
Okawaru
Ru
Zin
The Shining One


Innate Abilities, Weirdness & Mutations

You are partially covered in thin metallic scales (AC +2).
You possess an exceptional clarity of mind.
Your flesh is cold resistant.
Armour fits poorly on your strangely shaped body.
Your magical capacity is low (-10% MP).
You can spit weak poison.


Message History

Throwing (i - inventory):
d - 2 javelins (quivered)
Press: ? - help, Shift-Dir - straight line, f/p - hill giant
Aim: a hill giant, wielding a giant club You throw a javelin.
The javelin barely misses the hill giant.
The hill giant hits you with a giant club!!
* * * LOW HITPOINT WARNING * * *
You are too injured to fight recklessly!
You are too injured to fight recklessly!
You slice the hill giant!!
The hill giant is moderately wounded.
You feel sick.
You are no longer poisoned.
The hill giant hits you with a giant club!
* * * LOW HITPOINT WARNING * * *
You are feeling hungry.
You hit the hill giant but do no damage.
The hill giant is moderately wounded.
The hill giant hits you with a giant club.
You die...

. ##....#
...###.....
.........#
#.<# #..# #..#
###..#
#.###...)####
.......@C.((#
#.###.#####.##
# #.
#..#####..# #.
##.......... #
#...........
#...#F....#..
#....#Y###.#
#.....#.y #
....#....(#


You could see a hill giant.

Vanquished Creatures
  A deep elf mage (D:7)
  An ice beast (D:7)
  3 sky beasts
  A phantom (D:5)
  2 ogres (D:5)
  A centaur (D:6)
  A giant frog (D:7)
  A killer bee (D:7)
  3 wights (D:6)
  3 crimson imps
  A centaur zombie (D:5)
  4 hounds
  A jelly (D:4)
  4 orc wizards (D:4)
  A centaur skeleton (D:4)
  A giant frog skeleton (D:5)
  5 worker ants
  A hound zombie (D:5)
  A worker ant zombie (D:5)
  3 gnolls (D:4)
  8 adders
  A shadow imp (D:6)
  An ooze (D:5)
  4 giant geckos
  8 orcs
  7 bats
  6 giant cockroaches
  15 goblins
  12 hobgoblins
  10 jackals
  2 quokkas
  A ball python (D:1)
  A giant cockroach zombie (D:6)
  4 giant newts
  9 kobolds
  A quokka zombie (D:5)
  9 rats
138 creatures vanquished.

Notes
Turn   | Place    | Note
--------------------------------------------------------------
     0 | D:1      | sveltemanboy the Hill Orc Gladiator began the quest for the Orb.
     0 | D:1      | Reached XP level 1. HP: 18/18 MP: 1/1
     2 | D:1      | Noticed a merfolk
     2 | D:1      | Noticed a draconian
     4 | D:1      | Noticed a human
     4 | D:1      | Noticed a ghoul
     6 | D:1      | Noticed an octopode
     6 | D:1      | Noticed an ogre
     8 | D:1      | Noticed a centaur
    10 | D:1      | Noticed a gargoyle
    12 | D:1      | Noticed a demigod
    14 | D:1      | Noticed a vampire
    16 | D:1      | Noticed a demonspawn
    16 | D:1      | Noticed a minotaur
    18 | D:1      | Noticed a formicid
    18 | D:1      | Noticed a troll
    20 | D:1      | Noticed a spriggan
    20 | D:1      | Noticed an elf
    22 | D:1      | Noticed a naga
    24 | D:1      | Noticed a vine stalker
    24 | D:1      | Noticed a tengu
    26 | D:1      | Noticed a dwarf
    26 | D:1      | Noticed a felid
   114 | D:1      | Reached skill level 1 in Armour
   132 | D:1      | Reached XP level 2. HP: 22/25 MP: 2/2
   274 | D:1      | Reached XP level 3. HP: 13/30 MP: 3/3
   870 | D:2      | Reached skill level 5 in Axes
  1182 | D:2      | Reached XP level 4. HP: 37/37 MP: 4/4
  1601 | D:3      | Found an iron altar of Okawaru.
  1603 | D:3      | Found a glowing silver altar of Zin.
  1630 | D:3      | Found a sacrificial altar of Ru.
  1687 | D:3      | Found a shadowy altar of Dithmenos.
  1860 | D:3      | Found a burning altar of Makhleb.
  2155 | D:4      | Reached skill level 6 in Axes
  2155 | D:4      | Reached XP level 5. HP: 37/42 MP: 5/5
  2505 | D:4      | Reached skill level 7 in Axes
  2505 | D:4      | Reached XP level 6. HP: 36/50 MP: 6/6
  2758 | D:4      | Found a staircase to the Ecumenical Temple.
  2856 | D:4      | Found a sparkling altar of Nemelex Xobeh.
  3117 | D:5      | Entered Level 5 of the Dungeon
  3378 | D:5      | Reached skill level 8 in Axes
  3378 | D:5      | Reached XP level 7. HP: 47/58 MP: 7/7
  3514 | D:5      | Found a sparkling altar of Nemelex Xobeh.
  3600 | D:5      | Reached skill level 5 in Armour
  3816 | D:5      | Reached skill level 9 in Axes
  3888 | D:5      | Reached XP level 8. HP: 42/66 MP: 8/8
  3892 | D:5      | Gained mutation: You are partially covered in thin metallic scales (AC +2). [mutagenic meat]
  3893 | D:5      | Gained mutation: Armour fits poorly on your strangely shaped body. [mutagenic meat]
  4322 | D:6      | Found a glowing golden altar of the Shining One.
  4367 | D:6      | Reached skill level 10 in Axes
  4524 | D:6      | Gained mutation: You possess an exceptional clarity of mind. [mutagenic meat]
  4525 | D:6      | Gained mutation: Your magical capacity is low (-10% MP). [mutagenic meat]
  4526 | D:6      | Gained mutation: Your flesh is cold resistant. [mutagenic meat]
  4527 | D:6      | Gained mutation: You can spit weak poison. [mutagenic meat]
  4893 | D:7      | Reached skill level 11 in Axes
  4893 | D:7      | Reached XP level 9. HP: 65/71 MP: 8/8
  4920 | D:7      | Noticed a hill giant
  4928 | D:7      | HP: 2/71 [hill giant/giant club (13)]
  4929 | D:7      | Slain by a hill giant

Action                   |  1- 3 |  4- 6 |  7- 9 || total
-------------------------+-------+-------+-------++-------
Melee: War axe           |    97 |   195 |   196 ||   488
Throw: Throwing net      |     2 |     3 |     3 ||     8
       Javelin           |       |       |     7 ||     7
Evoke: Wand              |       |     9 |     7 ||    16
  Use: Potion            |       |     1 |     8 ||     9
       Scroll            |       |       |    10 ||    10
 Stab: Sleeping          |       |     2 |       ||     2
       Held in net/web   |       |       |     1 ||     1
  Eat: Chunk             |     1 |     7 |    14 ||    22
